AoeStats
← Tokachi_FR

Arena

510716097Analyzed
2v2 RM · 2d ago on Oct 2, 2026· 25m 49s· 4 players
Game mode
Random Map
Map size
Medium (4 player)
Population
200
Speed
Normal
Resources
Standard
Victory
Conquest
Starting age
Dark Age
Ending age
Imperial Age
RankedLock teamsTeams togetherTeam positionsShared explorationLock speedFull tech treeHidden civsTurbo modeCheats
Victory
Defeat
🇮🇳 Malay · India
976
+17
🇹🇷 Goths · Türkiye
888
+21
🇫🇷 Franks · France
1000
-59
🇫🇷 Portuguese · France
1000
-59
hardarak085
11:42 Feudal Age
14:58 Castle Age
13:20 Double-Bit Axe
13:50 Gold Mining
14:24 Loom
15:18 Horse Collar
15:45 Town Watch
23:36 Bow Saw
ılıJoKeRılı
10:51 Feudal Age
9:38 Loom
11:21 Double-Bit Axe
11:18 Horse Collar
11:31 Stone Mining
13:38 Wheelbarrow
13:07 Man-at-Arms
18:48 Scale Mail Armor
19:56 Fletching
20:39 Gold Mining
27:07 Castle Age
25:23 Forging
Tokachi_FR
13:29 Feudal Age
15:46 Wheelbarrow
15:04 Double-Bit Axe
26:37 Castle Age
Aityum
10:33 Feudal Age
18:49 Double-Bit Axe
24:17 Horse Collar
Connection lost

Rejoining the realm…

Still unreachable

The connection could not be restored.

Session expired

The server has moved on; the page needs a fresh start.